 Dungeon Crawl Stone Soup version 0.28-a0-8-g6e044cfa68 (webtiles) character file.

Game seed: 13263117890432349900

2440 graki42 the Sneak (level 9, -4/51 HPs)
             Began as an Octopode Conjurer on July 23, 2021.
             Shot with an arrow by a centaur (16 damage)
             ... on level 7 of the Dungeon.
             The game lasted 00:29:29 (10076 turns).

graki42 the Sneak (Octopode Conjurer)              Turns: 10076, Time: 00:29:30

Health: -4/51      AC:  1    Str:  8    XL:     9   Next: 49%
Magic:  16/16      EV: 14    Int: 20    God:
Gold:   316        SH:  0    Dex: 12    Spells: 11/17 levels left

rFire   . . .      SeeInvis .   f - +2 dagger (venom)
rCold   . . .      Faith    .   (no shield)
rNeg    . . .      Spirit   .   (helmet restricted)
rPois   .          Reflect  .   (no amulet)
rElec   .          Harm     .   (no ring)
rCorr   .          Rampage  .   (no ring)
Will    .....                   (no ring)
Stlth   ++++......              (no ring)
HPRegen 0.17/turn               (no ring)
MPRegen 0.15/turn               (no ring)
                                (no ring)
                                (no ring)

@: about to teleport
A: almost no armour, amphibious, 8 rings, camouflage 1, gelatinous body 1,
(nimble swimmer 1), tentacles
a: no special abilities


You were on level 7 of the Dungeon.
You visited 2 branches of the dungeon, and saw 8 of its levels.
You also visited: Ossuary.

You collected 316 gold pieces.

Inventory:

Hand Weapons
 a - a +1 falchion of electrocution
 b - a +1 dagger of speed
 f - a +2 dagger of venom (weapon)
Missiles
 n - 2 throwing nets
Magical Staves
 g - a staff of air
Jewellery
 c - a ring of ice
 s - an amulet of faith
Wands
 d - a wand of flame (16)
 u - a wand of digging (3)
Scrolls
 e - a scroll of fog
 m - 2 scrolls of teleportation
 o - a scroll of noise {unknown}
 r - a scroll of blinking {unknown}
 t - 2 scrolls of enchant armour {unknown}
 x - a scroll of acquirement {unknown}
Potions
 i - a potion of resistance {unknown}
 j - 2 potions of might
 l - a potion of flight
 p - 3 potions of curing
 w - a potion of magic {unknown}


   Skills:
 * Level 1.1 Short Blades
 + Level 5.3 Dodging
 + Level 7.6 Stealth
 + Level 4.9 Spellcasting
 + Level 6.6 Conjurations
 + Level 7.0 Hexes


You had 11 spell levels left.
You knew the following spells:

 Your Spells              Type           Power      Damage    Failure   Level
a - Magic Dart            Conj           100%       1d8       1%          1
b - Searing Ray           Conj           62%        3d5       1%          2
c - Dazzling Flash        Conj/Hex       64%        N/A       2%          3

Your spell library contained the following spells:

 Spells                   Type           Power      Damage    Failure   Level
 Corona                   Hex            36%        N/A       1%          1
 Tukima's Dance           Hex            33%        N/A       1%          3
 Ensorcelled Hibernation  Hex/Ice        38%        N/A       4%          2
 Fulminant Prism          Conj/Hex       16%        3d11      7%          4
 Animate Skeleton         Necr           8%         N/A       12%         1
 Pain                     Necr           16%        1d4       12%         1
 Mephitic Cloud           Conj/Pois/Air  13%        N/A       14%         3
 Passwall                 Tmut/Erth      3%         N/A       19%         2
 Iskenderun's Mystic Bla  Conj/Tloc      18%        2d6       30%         4
 Ignite Poison            Fire/Tmut/Pois 4%         N/A       34%         3
 Swiftness                Air            4%         N/A       34%         3
 Vampiric Draining        Necr           2%         2d6       34%         3
 Invisibility             Hex            16%        N/A       69%         6
 Bolt of Magma            Conj/Fire/Erth 6%         4d6       78%         5


Dungeon Overview and Level Annotations

Branches:
Dungeon (7/15)             Temple (1/1) D:4         Ossuary (visited)

Altars:
Ashenzari
Cheibriados
Dithmenos
Elyvilon
Fedhas
Gozag
Hepliaklqana
Kikubaaqudgha
Makhleb
Nemelex Xobeh
Okawaru
Qazlal
Ru
Sif Muna
Trog
Uskayaw
Wu Jian
Yredelemnul
The Shining One

Shops:
D:2 [   D:5 [=*


Innate Abilities, Weirdness & Mutations

You cannot wear most types of armour.
You are amphibious.
You can wear up to eight rings at the same time.
Your skin changes colour to match your surroundings (Stealth+).
Your rubbery body absorbs attacks. (AC +1, EV +1)
((You are camouflaged near water. (Stealth+)))
You have tentacles for arms and can constrict up to eight enemies at once.


Message History

The orc closely misses you.
You hit the orc. You grab the orc.
The orc is severely wounded.
You constrict the orc, but do no damage.
The orc hits you with a +0 mace.
You hit the orc.
You kill the orc!
Items here: ))) [ †.
Casting: Magic Dart (safe; 1% risk of failure)
Confirm with . or Enter, or press ? or * to list all spells.
You can't see any susceptible monsters within range! (Use Z to cast anyway.)
The electric eel shoots out a bolt of lightning at you!
The bolt of electricity hits you!
The electric eel shoots out a bolt of lightning at you!
The bolt of electricity hits you.
The electric eel shoots out a bolt of lightning at you!
The bolt of electricity hits you!
Items here: ))) [ †.
You start resting.
A centaur comes into view. It is wielding a +0 war axe.
The centaur shouts!
The centaur unwields a +0 war axe.
The centaur wields a +0 shortbow.
The centaur shoots an arrow.
The arrow hits you.
The centaur shoots an arrow.
The arrow hits you!
A gnoll comes into view. It is wielding a +0 halberd.
The gnoll moves out of view.
The centaur shoots an arrow.
The arrow closely misses you.
The centaur shoots an arrow.
The arrow hits you!
* * * LOW HITPOINT WARNING * * *
Okay, then.
You feel much better.
The centaur shoots an arrow.
The arrow hits you!
* * * LOW HITPOINT WARNING * * *
A gnoll and a gnoll shaman come into view.
The gnoll shaman moves out of view.
The gnoll moves out of view.
A gnoll comes into view. It is wielding a +0 spear.
The gnoll shaman shouts!
As you read the scroll of teleportation, it crumbles to dust.
You feel strangely unstable. The gnoll closely misses you.
The centaur shoots an arrow.
The arrow hits you!
You die...

####............;P
#.........c......≈
######.######.))###..;≈
#....#.##.c....c# #...P
##.##.#....##....#
#..≈P
#..##............#
#..≈≈
##.####..#####...#
#..≈≈ #.# #..#.# #...#
#...≈ #.# #@.g.# #...#
#..≈o #.#####.#.#######
##..≈ #.##....#.....#<#
#.##.######gg.#.#
#.##.# #...'.# #....#
##..g####..≈ ######
#..........P
#........#.. #.†......#


You could see a centaur and a gnoll.

Vanquished Creatures
  Pikel (D:6)
  2 ice beasts
  4 necrophages
  3 ogres
  A centaur (D:6)
  2 lemures (D:6)
  2 phantoms (D:5)
  A scorpion (D:6)
  2 jellies (D:6)
  4 hounds
  2 centaur zombies (Ossuary)
  2 orc priests
  A centaur skeleton (D:5)
  3 human zombies (Ossuary)
  Natasha (twice) (D:3)
  An iguana (D:6)
  4 orc wizards
  A killer bee zombie (D:7)
  2 hound skeletons
  3 mummies (Ossuary)
  Robin (D:3)
  2 adders
  4 gnolls (D:4)
  A howler monkey skeleton (D:7)
  A shadow imp (D:6)
  An ufetubus (D:4)
  4 adder zombies (Ossuary)
  6 dart slugs
  23 orcs
  7 bats
  7 endoplasms
  3 giant cockroaches
  2 gnoll zombies (Ossuary)
  7 goblins
  13 hobgoblins
  4 jackals (D:5)
  2 quokkas
  3 ball pythons
  5 frilled lizards
  A goblin zombie (Ossuary)
  5 hobgoblin zombies (Ossuary)
  A jackal zombie (Ossuary)
  4 kobolds
  4 kobold zombies (Ossuary)
  3 orc zombies (Ossuary)
  5 quokka zombies (Ossuary)
  9 rats
  5 rat zombies (Ossuary)
  A bush (D:6)
177 creatures vanquished.

Vanquished Creatures (others)
  13 plants (D:7)
13 creatures vanquished.

Grand Total: 190 creatures vanquished

Notes
Turn   | Place    | Note
-------+----------+-------------------------------------------
     0 | D:1      | graki42 the Octopode Conjurer began the quest for the Orb.
     0 | D:1      | Reached XP level 1. HP: 11/11 MP: 3/3
     6 | D:1      | Noticed a black mamba
     6 | D:1      | Noticed a redback
     6 | D:1      | Noticed a snapping turtle
     7 | D:1      | Noticed a lindwurm
     7 | D:1      | Noticed a five-headed hydra
   193 | D:1      | Reached XP level 2. HP: 17/17 MP: 1/5
   202 | D:1      | Learned a level 2 spell: Searing Ray
   697 | D:1      | Reached XP level 3. HP: 21/21 MP: 6/6
   715 | D:1      | Learned a level 3 spell: Dazzling Flash
  1053 | D:2      | Found a faded altar of an unknown god.
  1281 | D:2      | Found Enwauco's Armour Shop.
  1743 | D:2      | Reached skill level 1 in Hexes
  1743 | D:2      | Reached XP level 4. HP: 13/27 MP: 3/7
  2424 | D:3      | Noticed Natasha
  2427 | D:3      | Killed Natasha
  2588 | D:3      | Noticed Robin
  2600 | D:3      | Killed Robin
  2607 | D:3      | HP: 1/27 [hobgoblin[Robin] (3)]
  2611 | D:3      | Reached XP level 5. HP: 1/31 MP: 0/8
  2634 | D:3      | HP: 1/31 [hobgoblin[Robin] (3)]
  2673 | D:3      | Noticed Natasha
  2809 | D:3      | Killed Natasha
  3679 | D:4      | Found a staircase to the Ecumenical Temple.
  3698 | Temple   | Entered the Ecumenical Temple
  4152 | D:4      | Noticed a necrophage
  4159 | D:4      | Killed a necrophage
  4160 | D:4      | Reached XP level 6. HP: 36/36 MP: 2/10
  4423 | D:4      | Reached skill level 5 in Conjurations
  5077 | D:4      | Found a shadowy altar of Dithmenos.
  5738 | D:4      | Found a hazy altar of Hepliaklqana.
  5799 | D:5      | Entered Level 5 of the Dungeon
  5823 | D:5      | Noticed a necrophage
  5834 | D:5      | Killed a necrophage
  5835 | D:5      | Reached XP level 7. HP: 36/41 MP: 2/11
  5847 | D:5      | Reached skill level 5 in Stealth
  6018 | D:5      | Found Jeul's General Store.
  6027 | D:5      | Found a sand-covered staircase.
  6034 | Ossuary  | Entered an ossuary
  7217 | D:5      | Reached XP level 8. HP: 34/46 MP: 3/13
  7283 | D:5      | Reached skill level 5 in Hexes
  7829 | D:5      | Found Dohesch's Jewellery Boutique.
  7842 | D:5      | Found Cauw's Armour Shoppe.
  8630 | D:6      | Found a glowing golden altar of the Shining One.
  8921 | D:6      | Noticed Pikel
  9123 | D:6      | Reached XP level 9. HP: 51/51 MP: 9/15
  9542 | D:6      | Reached skill level 5 in Dodging
  9546 | D:6      | Killed Pikel
  9902 | D:7      | Reached skill level 1 in Short Blades
 10076 | D:7      | Shot with an arrow by a centaur

Illustrated notes

Levels and vault maps discovered:
D:1:      onia_arrival_zoo_common, layout_basic, feat_on_display
D:2:      layout_basic, ebering_ecumenical_altar_hall, serial_shops, shop
D:3:      layout_loops_ring, serial_glass, glass_columns_a, glass_columns_a,
          uniq_natasha, uniq_robin
D:4:      layout_layer_cave, mainiacjoe_overflow_brackets,
          nicolae_hepliaklqana_hippocampus, minmay_temple_entry_glass
D:5:      layout_basic, serial_shops, shop, shop, nicolae_shop_trees,
          enter_ossuary_5
D:6:      layout_basic, tso_metal_star, grunt_ministairs_4,
          kb_lookout_dungeons_type, uniq_pikel
D:7:      layout_basic, nicolae_overflow_hidden_temple, chequers_big_river,
          uniq_prince_ribbit1
Temple:   eino_temple_rhombus

Skill      XL: |  1  2  3  4  5  6  7  8  9 |
---------------+----------------------------+-----
Stealth        | 3 4 5 6 7 |  7.6
Hexes          | 1 2 3 4 6 7 |  7.0
Dodging        | 3 4 5 |  5.3
Conjurations   | 5 6 |  6.6
Spellcasting   | 3 4 |  4.9
Short Blades   | 1 |  1.1

Action                   |  1- 3 |  4- 6 |  7- 9 || total
-------------------------+-------+-------+-------++-------
Melee: Dagger            |    54 |    92 |    86 ||   232
       Constrict         |    13 |    19 |    22 ||    54
       Unarmed           |     4 |       |       ||     4
       Tentacles         |     5 |    14 |    30 ||    49
       Falchion          |       |       |    22 ||    22
 Cast: Magic Dart        |    15 |     2 |    64 ||    81
       Searing Ray       |     2 |    21 |    40 ||    63
       Dazzling Flash    |       |     2 |     2 ||     4
Evoke: Wand              |       |       |     1 ||     1
  Use: Potion            |       |     4 |     2 ||     6
       Scroll            |       |     2 |    10 ||    12
 Stab: Sleeping          |    14 |     7 |     5 ||    26
Armor: Skin              |     3 |     8 |     5 ||    16
Dodge: Dodged            |    20 |    52 |    94 ||   166
       Rpst.: Falchion   |       |       |    10 ||    10

Table legend: (Time is in decaauts)
 A = Elapsed time spent in this place.
 B = Non-inter-level travel time spent in this place.
 C = Inter-level travel time spent in this place.
 D = Time resting spent in this place.
 E = Time spent auto-exploring this place.
 F = Levels seen in this place.
 G = Mean time per level.
                   A        B        C        D        E       F      G
               +--------+--------+--------+--------+--------+-----+--------+
         Total |  10017 |   9827 |    190 |   3128 |   5387 |   9 | 1113.0 |
       Dungeon |   8681 |   8501 |    180 |   2257 |   5194 |   7 | 1240.1 |
        Temple |    164 |    154 |     10 |      0 |    151 |   1 |  164.0 |
       Ossuary |   1171 |   1171 |      0 |    871 |     42 |   1 | 1171.0 |
               +--------+--------+--------+--------+--------+-----+--------+

Top non-repeatable levels by time:
     D:4: 2368 daAuts
     D:6: 1617 daAuts
     D:5: 1201 daAuts
 Ossuary: 1171 daAuts
     D:2: 1106 daAuts
     D:3: 1063 daAuts
     D:1: 1038 daAuts
     D:7: 285 daAuts
  Temple: 164 daAuts
